 Dungeon Crawl Stone Soup version 0.19-a0-965-g50bf062 (webtiles) character file.

216 zxkuqyb the Ruffian (level 5, -2/32 HPs)
             Began as a Gargoyle Monk on July 12, 2016.
             Killed from afar by an orc wizard (8 damage)
             ... with a magic dart
             ... on level 4 of the Dungeon.
             The game lasted 00:11:27 (3195 turns).

zxkuqyb the Ruffian (Gargoyle Monk)                 Turns: 3195, Time: 00:11:27

Health: -2/32      AC:  6    Str: 15      XL:     5   Next: 93%
Magic:  5/5        EV: 12    Int: 10      God:
Gold:   166        SH:  0    Dex: 10 (13) Spells: 0 memorised, 4 levels left

rFire  . . .     SeeInvis .       - Unarmed
rCold  . . .     Gourm    +     a - +0 robe
rNeg   + . .     Faith    .     (no shield)
rPois  ∞         Spirit   .     (no helmet)
rElec  +         Dismiss  .     (no cloak)
rCorr  .         Reflect  .     (no gloves)
SustAt .         Harm     .     (no boots)
MR     .....                    s - amulet of the gourmand
Stlth  ++........               (no ring)
                                (no ring)

@: slowed, very slow, not resistant to hostile enchantments, unstealthy
A: negative energy resistance 1, electricity resistance, unbreathing,
petrification resistance, rot immunity, AC +4
a: no special abilities


You were on level 4 of the Dungeon.
You were very full.

You visited 1 branch of the dungeon, and saw 4 of its levels.

You collected 166 gold pieces.

Inventory:

Missiles
 i - 94 stones (quivered)
Armour
 a - a +0 robe (worn)
 q - a +0 leather armour
Jewellery
 s - an amulet of the gourmand (around neck)
 u - an uncursed ring of fire {unknown}
Scrolls
 d - a scroll of recharging {unknown}
 e - a scroll of enchant armour {unknown}
 f - 10 scrolls of identify {unknown}
 g - a scroll of remove curse {unknown}
 k - a scroll of noise {unknown}
 n - 3 scrolls of fear {unknown}
 o - a scroll of amnesia {unknown}
 p - 2 scrolls of immolation {unknown}
Potions
 c - a potion of curing {unknown}
 h - 2 potions of cancellation
 l - a potion of brilliance {unknown}
 m - a potion of magic {unknown}
Comestibles
 b - 4 bread rations
 j - 2 slices of pizza
 r - a beef jerky
 t - 2 meat rations


   Skills:
 + Level 3.4 Fighting
 + Level 0.7 Armour
 * Level 2.7 Dodging
 - Level 2.1 Stealth
 + Level 6.1 Unarmed Combat


You had 4 spell levels left.
You didn't know any spells.

Dungeon Overview and Level Annotations

Branches:
Dungeon (4/15)
 Temple: D:4-7

Altars:
Cheibriados
Dithmenos
Elyvilon
Fedhas
Hepliaklqana
Kikubaaqudgha
Makhleb
Pakellas
Ru
Yredelemnul
Zin


Innate Abilities, Weirdness & Mutations

You are resistant to torment.
Your stone body is resilient. (AC +4)
You are immune to poison.
You resist negative energy. (rN+)
You are resistant to electric shocks. (rElec)
You can survive without breathing.
You are immune to petrification.
You are immune to rotting.


Message History

You resist with some effort.
You closely miss the orc wizard.
The orc wizard is heavily wounded.
The orc wizard misses you. x2
You barely miss the orc wizard.
The orc wizard is heavily wounded.
The orc wizard hits you but does no damage. x2
You hit the orc wizard but do no damage.
The orc wizard is heavily wounded.
The orc wizard hits you but does no damage. x2
You barely miss the orc wizard.
The orc wizard is heavily wounded.
The orc wizard closely misses you.
The orc wizard hits you but does no damage.
You barely miss the orc wizard.
The orc wizard is heavily wounded.
The orc wizard barely misses you.
The orc wizard points at you and mumbles some strange words.
The magic dart hits you!
You die...

.....................#
######..._............
#...##...........
#...##.#)######..
##.###.#o# . ........#
#.#.# #######.#
#.#.#### #.# #.#..o.#
..# #.####@# ### #.#
#.# #.# #.# #.# #.#
... #.# #.# ..%


You could see an orc wizard.

Vanquished Creatures
  A giant frog zombie (D:3)
  A quasit (D:4)
  6 adders
  2 oozes
  An adder skeleton (D:4)
  3 dart slugs
  3 worms
  3 giant geckos
  4 orcs
  A ball python (D:2)
  7 bats
  A giant cockroach (D:3)
  4 goblins
  5 hobgoblins
  2 jackals (D:3)
  14 kobolds
  A quokka (D:3)
  2 giant newts (D:3)
  A jackal skeleton (D:4)
  7 rats
69 creatures vanquished.

Notes
Turn   | Place    | Note
-------+----------+-------------------------------------------
     0 | D:1      | zxkuqyb the Gargoyle Monk began the quest for the Orb.
     0 | D:1      | Reached XP level 1. HP: 14/14 MP: 1/1
    98 | D:1      | Reached XP level 2. HP: 12/19 MP: 2/2
   667 | D:1      | Reached skill level 4 in Unarmed Combat
   667 | D:1      | Reached XP level 3. HP: 23/23 MP: 3/3
  1042 | D:2      | Found a blossoming altar of Fedhas.
  1197 | D:2      | Found a white marble altar of Elyvilon.
  1303 | D:2      | Found a burning altar of Makhleb.
  1564 | D:2      | Reached XP level 4. HP: 25/28 MP: 4/4
  1817 | D:3      | Reached skill level 5 in Unarmed Combat
  1930 | D:3      | Reached XP level 5. HP: 25/32 MP: 5/5
  2215 | D:3      | Found a glowing silver altar of Zin.
  2223 | D:3      | Found a sacrificial altar of Ru.
  2223 | D:3      | Found a shadowy altar of Dithmenos.
  2224 | D:3      | Found a hazy altar of Hepliaklqana.
  2224 | D:3      | Found an ancient bone altar of Kikubaaqudgha.
  2225 | D:3      | Found an oddly glowing altar of Pakellas.
  2502 | D:3      | Reached skill level 6 in Unarmed Combat
  2868 | D:3      | Found a snail-covered altar of Cheibriados.
  3115 | D:4      | Found a basalt altar of Yredelemnul.
  3195 | D:4      | Killed from afar by an orc wizard

Vault maps used:
D:1:      tarquinn_simple_flora_water_b, minmay_pentomino_x4
D:2:      fedhas_altar_3, old_standard_altar, nicolae_overflow_crystal_walls,
          grunt_ministairs_12
D:3:      lemuel_crystal_altar, minitemple, serial_bayou_pond_b, st_stairs_7,
          minmay_crystal_water, minmay_distorted
D:4:      overflow_temple_1_default, first_bread, enter_ossuary_2

Skill      XL: |  1  2  3  4  5 |
---------------+----------------+-----
Unarmed Combat | 4 5 6 |  6.1
Fighting       | |  3.4
Armour         | |  0.7
Dodging        | |  2.7
Stealth        | |  2.1

Action                   |  1- 3 |  4- 6 || total
-------------------------+-------+-------++-------
Melee: Unarmed           |   105 |   186 ||   291
       Punch             |     6 |     1 ||     7
  Use: Potion            |       |     1 ||     1
 Stab: Sleeping          |     3 |     3 ||     6
       Distracted        |     1 |       ||     1
  Eat: Chunk             |     2 |    17 ||    19
Armor: Robe              |    37 |    71 ||   108
Dodge: Dodged            |    59 |   137 ||   196
